 Dungeon Sprint DCSS version 0.27-a0-1378-gdefffd1ff6 (webtiles) character file.

Game seed: 5695543776097528776

448 mhtbhm the Thaumaturge (level 6, -7/34 HPs)
             Began as a Deep Elf Earth Elementalist on June 29, 2021.
             Was a High Priest of Vehumet.
             Mangled by an orc knight (27 damage)
             ... in the Dungeon (Sprint VII: "The Pits").
             The game lasted 00:02:05 (662 turns).

mhtbhm the Thaumaturge (Deep Elf Earth Elementalist) Turns: 662, Time: 00:02:05

Health: -7/34      AC:  2    Str:  5    XL:     6   Next: 73%
Magic:  4/23       EV: 14    Int: 22    God:    Vehumet [*****.]
Gold:   0          SH:  0    Dex: 15    Spells: 15/30 levels left

rFire    . . .     SeeInvis .   l - +2 quarterstaff (spect)
rCold    . . .     Faith    .   (shield currently unavailable)
rNeg     . . .     Spirit   .   b - +0 robe
rPois    .         Reflect  .   (no helmet)
rElec    .         Harm     .   (no cloak)
rCorr    .         Rampage  .   (no gloves)
Will     .....     NoTele   +   (no boots)
Stlth    ++........             (no amulet)
HPRegen  0.11/turn              (no ring)
MPRegen  0.18/turn              (no ring)

@: very slightly contaminated
A: no striking features
a: Renounce Religion


You were in the Dungeon.
You worshipped Vehumet.
Vehumet was extremely pleased with you.
You visited 1 branch

Inventory:

Hand Weapons
 l - a +2 spectral quarterstaff (weapon)
Missiles
 i - 9 stones
Armour
 b - a +0 robe (worn)
Scrolls
 h - a scroll of blinking
 j - 5 scrolls of amnesia
 k - a scroll of summoning
Potions
 a - 2 potions of invisibility
 c - 5 potions of curing
 d - 5 potions of heal wounds
 e - a potion of haste
 f - 4 potions of magic
 g - 3 potions of berserk rage


   Skills:
 + Level 1.0 Fighting
 + Level 5.1 Dodging
 + Level 3.5 Stealth
 + Level 12.5 Spellcasting
 + Level 2.2 Conjurations
 + Level 1.1 Transmutations
 + Level 10.8 Earth Magic


You had 15 spell levels left.
You knew the following spells:

 Your Spells              Type           Power      Damage    Failure   Level
a - Sandblast             Erth           100%       2d20      1%          1
b - Passwall              Tmut/Erth      33%        N/A       1%          2
c - Stone Arrow           Conj/Erth      84%        3d12      1%          3
d - Lee's Rapid Deconstr  Erth           28%        3d16*     1%          5
e - Petrify               Tmut/Erth      40%        N/A       4%          4

Your spell library contained the following spells:

 Spells                   Type           Power      Damage    Failure   Level
 Poisonous Vapours        Pois/Air       26%        N/A       1%          2


Dungeon Overview and Level Annotations

Branches:
Dungeon (1/1)

Altars:
Ashenzari
Cheibriados
Dithmenos
Elyvilon
Fedhas
Gozag
Hepliaklqana
Kikubaaqudgha
Makhleb
Nemelex Xobeh
Okawaru
Qazlal
Ru
Sif Muna
Trog
Uskayaw
Vehumet
Wu Jian
Xom
Yredelemnul
Zin
The Shining One
Beogh
Jiyva
Lugonu


Message History

Confirm with . or Enter, or press ? or * to list all spells.
The spell is quite dangerous to cast (4% risk of failure)!
Continue anyway?
Aiming: Petrify (quite dangerous; 4% risk of failure)
Press: ? - help, Shift-Dir - straight line, f/p - orc knight
Aim: an orc knight, wielding a +0 arbalest, wearing a +0 chain mail and quivering bolts (chance to affect: 50%)
The orc knight resists with some effort.
The orc knight shoots a bolt.
The bolt closely misses you.
Unknown command.
Casting: Petrify (quite dangerous; 4% risk of failure)
Confirm with . or Enter, or press ? or * to list all spells.
The spell is quite dangerous to cast (4% risk of failure)!
Continue anyway?
Aiming: Petrify (quite dangerous; 4% risk of failure)
Press: ? - help, Shift-Dir - straight line, f/p - orc knight
Aim: an orc knight, wielding a +0 arbalest, wearing a +0 chain mail and quivering bolts (chance to affect: 50%)
The orc knight resists with some effort.
The orc knight shoots a bolt.
The bolt hits you!!
Ouch! That really hurt!
* * * LOW HITPOINT WARNING * * *
You feel much better.
Unknown command.
Casting: Petrify (quite dangerous; 4% risk of failure)
Confirm with . or Enter, or press ? or * to list all spells.
The spell is quite dangerous to cast (4% risk of failure)!
Continue anyway?
Aiming: Petrify (quite dangerous; 4% risk of failure)
Press: ? - help, Shift-Dir - straight line, f/p - orc knight
Aim: an orc knight, wielding a +0 arbalest, wearing a +0 chain mail and quivering bolts (chance to affect: 50%)
The orc knight resists with some effort.
The orc knight unwields a +0 arbalest.
The orc knight wields a +0 broad axe.
The orc knight hits you with a +0 broad axe.
Casting: Petrify (quite dangerous; 4% risk of failure)
Confirm with . or Enter, or press ? or * to list all spells.
The spell is quite dangerous to cast (4% risk of failure)!
Continue anyway?
Aiming: Petrify (quite dangerous; 4% risk of failure)
Press: ? - help, Shift-Dir - straight line, f/p - orc knight
Aim: an orc knight, wielding a +0 broad axe, wearing a +0 chain mail and quivering bolts (chance to affect: 50%)
The orc knight is moving more slowly.
The orc knight misses you.
Unknown command.
The orc knight hits you with a +0 broad axe!!
Ouch! That really hurt!
You die...

#.#........##.......#
#)###########.......#
#.......# #########
#..#.#..# #)##.##.#
#.......#+#
#.##.##†#.+
#..#.#..#o#
#...†...@†#
###########


You could see an orc knight (petrifying).

Vanquished Creatures
  A warg (D)
  A water moccasin (D)
  An orc warrior (D)
  A bullfrog (D)
  A quasit (D)
  An adder zombie (D)
  4 orcs (D)
  A bat (D)
  9 jackals (D)
  A kobold (D)
  4 quokkas (D)
  A jackal zombie (D)
  A rat (D)
27 creatures vanquished.

Notes
Turn   | Place    | Note
-------+----------+-------------------------------------------
     0 | D        | mhtbhm the Deep Elf Earth Elementalist began the quest for
                  | the Orb.
     0 | D        | Reached XP level 1. HP: 10/10 MP: 6/6
    34 | D        | Found a bloodstained altar of Trog.
    34 | D        | Found a shimmering blue altar of Sif Muna.
    34 | D        | Found a viscous altar of Jiyva.
    34 | D        | Found a hazy altar of Hepliaklqana.
    34 | D        | Found an opulent altar of Gozag.
    35 | D        | Found a glowing golden altar of the Shining One.
    35 | D        | Found a glowing silver altar of Zin.
    35 | D        | Found a basalt altar of Yredelemnul.
    35 | D        | Found a shimmering altar of Xom.
    35 | D        | Found an ornate altar of the Wu Jian Council.
    35 | D        | Found a sacrificial altar of Ru.
    35 | D        | Found a stormy altar of Qazlal.
    35 | D        | Found an iron altar of Okawaru.
    35 | D        | Found a sparkling altar of Nemelex Xobeh.
    35 | D        | Found a burning altar of Makhleb.
    35 | D        | Found a blossoming altar of Fedhas.
    35 | D        | Found a white marble altar of Elyvilon.
    35 | D        | Found a shadowy altar of Dithmenos.
    35 | D        | Found a snail-covered altar of Cheibriados.
    37 | D        | Found a radiant altar of Vehumet.
    37 | D        | Found a corrupted altar of Lugonu.
    38 | D        | Found a hide-covered altar of Uskayaw.
    38 | D        | Found an ancient bone altar of Kikubaaqudgha.
    38 | D        | Found a broken altar of Ashenzari.
    47 | D        | Became a worshipper of Vehumet
   117 | D        | Reached * piety under Vehumet
   117 | D        | Offered knowledge of Magic Dart by Vehumet.
   159 | D        | Reached skill level 4 in Spellcasting
   179 | D        | Reached ** piety under Vehumet
   180 | D        | Reached XP level 2. HP: 15/15 MP: 7/9
   181 | D        | Reached skill level 5 in Earth Magic
   182 | D        | Noticed a water moccasin
   188 | D        | Killed a water moccasin
   188 | D        | Reached *** piety under Vehumet
   189 | D        | Reached skill level 8 in Spellcasting
   189 | D        | Reached XP level 3. HP: 13/20 MP: 2/14
   189 | D        | Reached XP level 4. HP: 16/24 MP: 2/16
   210 | D        | Learned a level 2 spell: Passwall
   214 | D        | Learned a level 3 spell: Stone Arrow
   286 | D        | Offered knowledge of Shock by Vehumet.
   348 | D        | Reached **** piety under Vehumet
   350 | D        | Noticed a warg
   357 | D        | Noticed a bullfrog
   357 | D        | Noticed an orc warrior
   363 | D        | Killed an orc warrior
   364 | D        | Reached skill level 10 in Spellcasting
   364 | D        | Reached skill level 1 in Conjurations
   364 | D        | Reached XP level 5. HP: 18/28 MP: 10/20
   365 | D        | Reached skill level 11 in Spellcasting
   365 | D        | Reached XP level 6. HP: 22/33 MP: 9/22
   367 | D        | Reached skill level 5 in Dodging
   367 | D        | Reached skill level 10 in Earth Magic
   368 | D        | Reached ***** piety under Vehumet
   378 | D        | Killed a warg
   379 | D        | Reached skill level 1 in Fighting
   379 | D        | Reached skill level 12 in Spellcasting
   419 | D        | Learned a level 5 spell: Lee's Rapid Deconstruction
   424 | D        | Learned a level 4 spell: Petrify
   478 | D        | Offered knowledge of Poisonous Vapours by Vehumet.
   655 | D        | Noticed an orc knight
   662 | D        | Mangled by an orc knight

Illustrated notes

Levels and vault maps discovered:
D:        pitsprint [storerooms_1, entrance_room_1, metal_vault_2, armoury_3,
          mini_pit_1, grid_room_1, main_hall_1, silver_pit, the_coven_3,
          the_vestibule_1, steel_vault_4, golden_pit, hallway_of_sentries,
          crystal_vault_1, iron_vault_5, final_vault]

Skill      XL: |  1  2  3  4  5  6 |
---------------+-------------------+-----
Earth Magic    | 4 7 9 10 | 10.8
Spellcasting   | 4 8 10 11 12 | 12.5
Dodging        | 4 5 |  5.1
Stealth        | 3 |  3.5
Conjurations   | 1 2 |  2.2
Fighting       | 1 |  1.0
Transmutations | |  1.1

Action                   |  1- 3 |  4- 6 || total
-------------------------+-------+-------++-------
Melee: Quarterstaff      |       |     2 ||     2
 Cast: Sandblast         |    16 |    15 ||    31
       Stone Arrow       |       |     3 ||     3
       Petrify           |       |     4 ||     4
       Lee's Rapid Decon |       |     3 ||     3
  Use: Potion            |     1 |     1 ||     2
Armor: Robe              |       |     1 ||     1
Dodge: Dodged            |     3 |     8 ||    11

Table legend: (Time is in decaauts)
 A = Elapsed time spent in this place.
 B = Non-inter-level travel time spent in this place.
 C = Inter-level travel time spent in this place.
 D = Time resting spent in this place.
 E = Time spent auto-exploring this place.
 F = Levels seen in this place.
 G = Mean time per level.
                   A        B        C        D        E       F      G
               +--------+--------+--------+--------+--------+-----+--------+
         Total |    662 |    662 |      0 |    403 |     39 |   1 |  662.0 |
       Dungeon |    662 |    662 |      0 |    403 |     39 |   1 |  662.0 |
               +--------+--------+--------+--------+--------+-----+--------+

Top non-repeatable levels by time:
       D: 662 daAuts
